TOP OF THE 1ST |
Chester Pirates batting - Pitching for Southern Maryland Blue Crabs : RHP Ju-wei Chi
|
Pitching: RHP Ju-wei Chi
|
|
Batting: RHB Mike Weeks
|
0-0: Foul Ball, location: 2F 0-1: Ball 1-1: Swinging Strike 1-2: Foul Ball, location: 2F 1-2: Ball 2-2: Ball 3-2: Ground out 4-3 (Groundball, 4, EV 98.8 MPH)
|
Batting: RHB Edwardo Tanchez
|
0-0: Called Strike 0-1: Ball 1-1: Swinging Strike 1-2: Ball 2-2: Ball 3-2: TRIPLE (Line Drive, 89XD, EV 105.0 MPH)
|
Batting: RHB Zach Chmieleski
|
0-0: Ball 1-0: Ball 2-0: Foul Ball, location: 2F 2-1: Ball 3-1: Swinging Strike 3-2: 2-RUN HOME RUN (Flyball, 7LD, EV 100.0 MPH), Distance : 402 ft
|
Batting: RHB Ryan Thurston
|
0-0: DOUBLE (Groundball, 5L, EV 103.1 MPH)
|
Batting: LHB Tommie Benefield
|
0-0: Ball 1-0: Foul Ball, location: 2F 1-1: Called Strike 1-2: Ball 2-2: TRIPLE (Line Drive, 8RXD, EV 101.9 MPH) Ryan Thurston scores
|
Batting: LHB Sean Driscoll
|
0-0: Ball 1-0: Fly out, F8 (Flyball, 8RD, EV 104.4 MPH) Runner from 3rd tags up, OUT at HOME! 8-2
|
Top of the 1st over - 3 runs, 4 hits, 0 errors, 0 left on base; Chester 3 - Southern Maryland 0 |
BOTTOM OF THE 1ST |
Southern Maryland Blue Crabs batting - Pitching for Chester Pirates : RHP Andy Pemberton
|
Pitching: RHP Andy Pemberton
|
|
Batting: RHB Eddie Morin
|
0-0: Called Strike 0-1: Swinging Strike 0-2: Fly out, F9 (Flyball, 89M, EV 95.0 MPH)
|
Batting: LHB Sam Hontz
|
0-0: Swinging Strike 0-1: Ball 1-1: Ball 2-1: Ball 3-1: SOLO HOME RUN (Flyball, 89XD, EV 105.6 MPH), Distance : 422 ft
|
Batting: RHB Oscar Chapa
|
0-0: Ball 1-0: Foul Ball, location: 2F 1-1: Swinging Strike 1-2: DOUBLE (Flyball, 9D, EV 105.0 MPH)
|
Batting: RHB Matt Wallace
|
0-0: SINGLE (Flyball, 78S, EV 89.4 MPH) Oscar Chapa to third
|
Batting: SHB John Hiles
|
0-0: Ball 1-0: Ball 2-0: Ball 3-0: Called Strike 3-1: Foul Ball, location: 2F 3-2: Fly out, F7 (Flyball, 7, EV 85.6 MPH)
|
Batting: RHB Josh Ludwig
|
0-0: Foul Ball, location: 2F 0-1: Foul Ball, location: 2F 0-2: Strikes out swinging
|
Bottom of the 1st over - 1 run, 3 hits, 0 errors, 2 left on base; Chester 3 - Southern Maryland 1 |
TOP OF THE 2ND |
Chester Pirates batting - Pitching for Southern Maryland Blue Crabs : RHP Ju-wei Chi
|
Batting: RHB Zachery Loomis
|
0-0: Ground out 5-3 (Groundball, 56S, EV 90.0 MPH)
|
Batting: RHB Joe Stepnowski
|
0-0: Foul Ball, location: 2F 0-1: Ball 1-1: Fly out, F6 (Popup, 6D, EV 60.6 MPH)
|
Batting: RHB Dustin Hamblin
|
0-0: Swinging Strike 0-1: Foul Ball, location: 2F 0-2: Ball 1-2: Strikes out swinging
|
Top of the 2nd over - 0 runs, 0 hits, 0 errors, 0 left on base; Chester 3 - Southern Maryland 1 |
BOTTOM OF THE 2ND |
Southern Maryland Blue Crabs batting - Pitching for Chester Pirates : RHP Andy Pemberton
|
Batting: LHB Taylor Plummer
|
0-0: Called Strike 0-1: Called Strike 0-2: Ball 1-2: Fly out, F8 (Flyball, 8RS, EV 91.2 MPH)
|
Batting: RHB Tyler Cohen
|
0-0: Ball 1-0: Called Strike 1-1: Ball 2-1: Foul Ball, location: 2F 2-2: Foul Ball, location: 2F 2-2: Strikes out swinging
|
Batting: RHB Mike King
|
0-0: Called Strike 0-1: Ball 1-1: Foul Ball, location: 2F 1-2: Strikes out looking
|
Bottom of the 2nd over - 0 runs, 0 hits, 0 errors, 0 left on base; Chester 3 - Southern Maryland 1 |
TOP OF THE 3RD |
Chester Pirates batting - Pitching for Southern Maryland Blue Crabs : RHP Ju-wei Chi
|
Batting: RHB Mike Weeks
|
0-0: DOUBLE (Line Drive, 89XD, EV 103.8 MPH)
|
Batting: RHB Edwardo Tanchez
|
0-0: Foul Ball, location: 2F 0-1: Ball 1-1: Ball 2-1: Ball 3-1: Foul Ball, location: 2F 3-2: Fly out, F7 (Line Drive, 7D, EV 91.2 MPH) Runner from 2nd tags up, SAFE at 3rd, no throw by LF
|
Batting: RHB Zach Chmieleski
|
0-0: Called Strike Balk! Mike Weeks scores 0-1: Called Strike 0-2: Ball 1-2: SINGLE (Line Drive, 78S, EV 106.2 MPH)
|
Batting: RHB Ryan Thurston
|
0-0: Swinging Strike 0-1: Called Strike 0-2: Foul Ball, location: 2F 0-2: Ball 1-2: Fielders Choice at 2nd, 5-4 (Groundball, 56, EV 101.9 MPH)
|
Batting: LHB Tommie Benefield
|
0-0: Ball 1-0: Ball 2-0: Ball 3-0: Base on Balls Ryan Thurston to second
|
Batting: LHB Sean Driscoll
|
0-0: Ball 1-0: Ball 2-0: DOUBLE (Line Drive, 9LD, EV 106.9 MPH) Ryan Thurston scores Tommie Benefield to third Runner from 3rd tries for Home, throw by RF and OUT! 9-4-2
|
Top of the 3rd over - 2 runs, 3 hits, 0 errors, 1 left on base; Chester 5 - Southern Maryland 1 |
BOTTOM OF THE 3RD |
Southern Maryland Blue Crabs batting - Pitching for Chester Pirates : RHP Andy Pemberton
|
Batting: RHB Eddie Morin
|
0-0: Ball 1-0: Ball 2-0: Swinging Strike 2-1: Fly out, F8 (Flyball, 78M, EV 91.9 MPH)
|
Batting: LHB Sam Hontz
|
0-0: Ball 1-0: Called Strike 1-1: Ground out 4-3 (Groundball, 4, EV 103.1 MPH)
|
Batting: RHB Oscar Chapa
|
0-0: Fly out, F8 (Line Drive, 8LS, EV 98.1 MPH)
|
Bottom of the 3rd over - 0 runs, 0 hits, 0 errors, 0 left on base; Chester 5 - Southern Maryland 1 |
TOP OF THE 4TH |
Chester Pirates batting - Pitching for Southern Maryland Blue Crabs : RHP Ju-wei Chi
|
Batting: RHB Zachery Loomis
|
0-0: Ball 1-0: Foul Ball, location: 2F 1-1: Foul Ball, location: 2F 1-2: Strikes out swinging
|
Batting: RHB Joe Stepnowski
|
0-0: Ball 1-0: Foul Ball, location: 2F 1-1: DOUBLE (Line Drive, 7LM, EV 97.5 MPH)
|
Pitching: RHP Paul Holder
|
|
Batting: RHB Dustin Hamblin
|
0-0: Ball 1-0: Called Strike 1-1: Swinging Strike 1-2: Strikes out swinging
|
Batting: RHB Mike Weeks
|
0-0: Swinging Strike 0-1: Foul Ball, location: 2F 0-2: DOUBLE (Flyball, 78XD, EV 101.2 MPH) Joe Stepnowski scores
|
Batting: RHB Edwardo Tanchez
|
0-0: Foul Ball, location: 2F 0-1: Ball 1-1: Swinging Strike 1-2: Ball Wild Pitch! Mike Weeks to third 2-2: Ball 3-2: Base on Balls
|
Batting: RHB Zach Chmieleski
|
0-0: Foul Ball, location: 2F 0-1: Ball 1-1: Foul Ball, location: 2F 1-2: Strikes out swinging
|
Top of the 4th over - 1 run, 2 hits, 0 errors, 2 left on base; Chester 6 - Southern Maryland 1 |
BOTTOM OF THE 4TH |
Southern Maryland Blue Crabs batting - Pitching for Chester Pirates : RHP Andy Pemberton
|
Batting: RHB Matt Wallace
|
0-0: Fly out, F7 (Line Drive, 78M, EV 103.1 MPH)
|
Batting: SHB John Hiles
|
0-0: Ball 1-0: Swinging Strike 1-1: Ground out U3 (Groundball, 3, EV 94.4 MPH)
|
Batting: RHB Josh Ludwig
|
0-0: Ball 1-0: Ball 2-0: Ball 3-0: Base on Balls
|
Batting: LHB Taylor Plummer
|
0-0: Called Strike Josh Ludwig is caught stealing 2nd base 2-6
|
Bottom of the 4th over - 0 runs, 0 hits, 0 errors, 0 left on base; Chester 6 - Southern Maryland 1 |
TOP OF THE 5TH |
Chester Pirates batting - Pitching for Southern Maryland Blue Crabs : RHP Paul Holder
|
Batting: RHB Ryan Thurston
|
0-0: Ball 1-0: Fly out, F9 (Flyball, 9, EV 85.6 MPH)
|
Batting: LHB Tommie Benefield
|
0-0: Called Strike 0-1: Ball 1-1: Ball 2-1: Foul Ball, location: 2F 2-2: Ball 3-2: Base on Balls
|
Batting: LHB Sean Driscoll
|
0-0: Fly out, F9 (Flyball, 9, EV 86.9 MPH)
|
Batting: RHB Zachery Loomis
|
0-0: Ball 1-0: Fielders Choice at 2nd, 6-4 (Groundball, 6, EV 87.5 MPH)
|
Top of the 5th over - 0 runs, 0 hits, 0 errors, 1 left on base; Chester 6 - Southern Maryland 1 |
BOTTOM OF THE 5TH |
Southern Maryland Blue Crabs batting - Pitching for Chester Pirates : RHP Andy Pemberton
|
Batting: LHB Taylor Plummer
|
0-0: Called Strike 0-1: Ball 1-1: Fly out, F7 (Flyball, 7LM, EV 109.4 MPH)
|
Batting: RHB Tyler Cohen
|
0-0: Called Strike 0-1: Swinging Strike 0-2: Strikes out swinging
|
Batting: RHB Mike King
|
0-0: Ground out 4-3 (Groundball, 34, EV 100.6 MPH)
|
Bottom of the 5th over - 0 runs, 0 hits, 0 errors, 0 left on base; Chester 6 - Southern Maryland 1 |
TOP OF THE 6TH |
Chester Pirates batting - Pitching for Southern Maryland Blue Crabs : RHP Paul Holder
|
Batting: RHB Joe Stepnowski
|
0-0: Ball 1-0: Called Strike 1-1: SINGLE (Flyball, 56D, EV 94.4 MPH)
|
Pinch Hitting: RHB Rafael Galicia
|
0-0: Called Strike 0-1: Foul Ball, location: 2F 0-2: Ball 1-2: Foul Ball, location: 2F 1-2: Foul Ball, location: 2F 1-2: Strikes out swinging
|
Batting: RHB Mike Weeks
|
0-0: Foul Ball, location: 2F 0-1: Foul Ball, location: 2F 0-2: Ball 1-2: Foul Ball, location: 2F 1-2: Ball 2-2: Foul Ball, location: 2F 2-2: Foul Ball, location: 2F 2-2: Ball 3-2: SINGLE (Groundball, 6MD, EV 106.9 MPH) Joe Stepnowski to second
|
Batting: RHB Edwardo Tanchez
|
0-0: Called Strike 0-1: Foul Ball, location: 2F 0-2: Foul Ball, location: 2F 0-2: Ball 1-2: Ball 2-2: Foul Ball, location: 2F 2-2: Fielders Choice at 2nd, 6-4 (Groundball, 6, EV 87.5 MPH) Joe Stepnowski to third
|
Batting: RHB Zach Chmieleski
|
0-0: Called Strike 0-1: Swinging Strike 0-2: Ball 1-2: Ball 2-2: Ball 3-2: Base on Balls Edwardo Tanchez to second
|
Pitching: RHP Jim Marshall
|
|
Batting: RHB Ryan Thurston
|
0-0: Called Strike 0-1: Fly out, F1 (Line Drive, P, EV 68.1 MPH)
|
Top of the 6th over - 0 runs, 2 hits, 0 errors, 3 left on base; Chester 6 - Southern Maryland 1 |
BOTTOM OF THE 6TH |
Southern Maryland Blue Crabs batting - Pitching for Chester Pirates : RHP Andy Pemberton
|
Now in RF: Mike Corley
|
|
Batting: RHB Eddie Morin
|
0-0: Ground out 1-3 (Groundball, 15S, EV 74.4 MPH)
|
Batting: LHB Sam Hontz
|
0-0: Called Strike 0-1: SINGLE (Line Drive, 34D, EV 100.6 MPH)
|
Batting: RHB Oscar Chapa
|
0-0: Called Strike 0-1: Ball 1-1: DOUBLE (Flyball, 8RD, EV 98.1 MPH) Sam Hontz to third Runner from 3rd tries for Home, SAFE, no throw by CF
|
Batting: RHB Matt Wallace
|
0-0: Fly out, F9 (Flyball, 9, EV 75.0 MPH)
|
Batting: SHB John Hiles
|
0-0: Ground out 6-3 (Groundball, P, EV 89.4 MPH)
|
Bottom of the 6th over - 1 run, 2 hits, 0 errors, 1 left on base; Chester 6 - Southern Maryland 2 |
TOP OF THE 7TH |
Chester Pirates batting - Pitching for Southern Maryland Blue Crabs : RHP Jim Marshall
|
Batting: LHB Tommie Benefield
|
0-0: Ball 1-0: Called Strike 1-1: Foul Ball, location: 2F 1-2: Foul Ball, location: 2F 1-2: Foul Ball, location: 2F 1-2: Ball 2-2: Ball 3-2: Strikes out swinging
|
Batting: LHB Sean Driscoll
|
0-0: Foul Ball, location: 2F 0-1: Ball 1-1: Foul Ball, location: 2F 1-2: Ball 2-2: Ball 3-2: Foul Ball, location: 2F 3-2: Strikes out swinging
|
Batting: RHB Zachery Loomis
|
0-0: Called Strike 0-1: Swinging Strike 0-2: Ball 1-2: Strikes out swinging
|
Top of the 7th over - 0 runs, 0 hits, 0 errors, 0 left on base; Chester 6 - Southern Maryland 2 |
BOTTOM OF THE 7TH |
Southern Maryland Blue Crabs batting - Pitching for Chester Pirates : RHP Andy Pemberton
|
Batting: RHB Josh Ludwig
|
0-0: Ground out 5-3 (Groundball, 56, EV 103.8 MPH)
|
Batting: LHB Taylor Plummer
|
0-0: Ball 1-0: Foul Ball, location: 2F 1-1: Swinging Strike 1-2: Ball 2-2: Ground out 5-3 (Groundball, 5, EV 98.1 MPH)
|
Batting: RHB Tyler Cohen
|
0-0: Foul Ball, location: 2F 0-1: Ball 1-1: Ball 2-1: Foul Ball, location: 2F 2-2: SINGLE (Groundball, 6M, EV 102.5 MPH) (infield hit)
|
Pitching: RHP Justin Rousell
|
|
Batting: RHB Mike King
|
0-0: Swinging Strike 0-1: Foul Ball, location: 2F 0-2: Ball 1-2: Foul Ball, location: 2F 1-2: Ball 2-2: Ball 3-2: Foul Ball, location: 2F 3-2: Base on Balls Tyler Cohen to second
|
Batting: RHB Eddie Morin
|
0-0: Ball 1-0: Ball 2-0: Swinging Strike 2-1: Foul Ball, location: 2F 2-2: Strikes out swinging
|
Bottom of the 7th over - 0 runs, 1 hit, 0 errors, 2 left on base; Chester 6 - Southern Maryland 2 |
TOP OF THE 8TH |
Chester Pirates batting - Pitching for Southern Maryland Blue Crabs : RHP Jim Marshall
|
Batting: RHB Joe Stepnowski
|
0-0: SINGLE (Groundball, 6MD, EV 101.2 MPH)
|
Batting: SHB Mike Corley
|
0-0: Ball 1-0: Swinging Strike 1-1: Foul Ball, location: 2F 1-2: Strikes out looking
|
Batting: RHB Mike Weeks
|
0-0: Ball Joe Stepnowski is caught stealing 2nd base 2-4 1-0: Foul Ball, location: 2F 1-1: Foul Ball, location: 2F 1-2: Foul Ball, location: 2F 1-2: Ball 2-2: Ball 3-2: Base on Balls
|
Batting: RHB Edwardo Tanchez
|
0-0: Foul Ball, location: 2F 0-1: Ball 1-1: Swinging Strike 1-2: Ball 2-2: Ball 3-2: Ground out 4-3 (Groundball, 34D, EV 102.5 MPH)
|
Top of the 8th over - 0 runs, 1 hit, 0 errors, 1 left on base; Chester 6 - Southern Maryland 2 |
BOTTOM OF THE 8TH |
Southern Maryland Blue Crabs batting - Pitching for Chester Pirates : RHP Justin Rousell
|
Batting: LHB Sam Hontz
|
0-0: Called Strike 0-1: Ball 1-1: Called Strike 1-2: Ball 2-2: Foul Ball, location: 2F 2-2: Strikes out looking
|
Batting: RHB Oscar Chapa
|
0-0: Foul Ball, location: 2F 0-1: Ball 1-1: Ground out 2-3 (Groundball, 2R, EV 68.1 MPH)
|
Batting: RHB Matt Wallace
|
0-0: Foul Ball, location: 2F 0-1: Ball 1-1: Foul Ball, location: 2F 1-2: Fly out, F8 (Flyball, 8RM, EV 90.0 MPH)
|
Bottom of the 8th over - 0 runs, 0 hits, 0 errors, 0 left on base; Chester 6 - Southern Maryland 2 |
TOP OF THE 9TH |
Chester Pirates batting - Pitching for Southern Maryland Blue Crabs : RHP Jim Marshall
|
Batting: RHB Zach Chmieleski
|
0-0: Ball 1-0: Foul Ball, location: 2F 1-1: Ball 2-1: Foul Ball, location: 2F 2-2: Ball 3-2: Ground out U3 (Groundball, 3S, EV 83.1 MPH)
|
Batting: RHB Ryan Thurston
|
0-0: Called Strike 0-1: Swinging Strike 0-2: Ball 1-2: Ball 2-2: Foul Ball, location: 2F 2-2: Foul Ball, location: 2F 2-2: Foul Ball, location: 2F 2-2: Strikes out swinging
|
Batting: LHB Tommie Benefield
|
0-0: SINGLE (Groundball, 34D, EV 95.0 MPH)
|
Pitching: RHP Hajato Takahashi
|
|
Batting: RHB Oscar Mora
|
0-0: Ball 1-0: Ball 2-0: Foul Ball, location: 2F 2-1: Ball 3-1: Base on Balls Tommie Benefield to second
|
Batting: RHB Zachery Loomis
|
0-0: Called Strike 0-1: Ball 1-1: Foul Ball, location: 2F 1-2: Foul Ball, location: 2F 1-2: Fielders Choice at 2nd, 6-4 (Groundball, 6, EV 86.2 MPH)
|
Top of the 9th over - 0 runs, 1 hit, 0 errors, 2 left on base; Chester 6 - Southern Maryland 2 |
BOTTOM OF THE 9TH |
Southern Maryland Blue Crabs batting - Pitching for Chester Pirates : RHP Justin Rousell
|
Pinch Hitting: RHB Adam Beal
|
0-0: Ball 1-0: Foul Ball, location: 2F 1-1: Foul Ball, location: 2F 1-2: Fly out, F8 (Flyball, 78M, EV 91.9 MPH)
|
Pinch Hitting: LHB Stu Proulx
|
0-0: Ball 1-0: Fly out, F8 (Line Drive, 8RM, EV 99.4 MPH)
|
Pinch Hitting: RHB Pedro Luera
|
0-0: Foul Ball, location: 2F 0-1: Swinging Strike 0-2: Strikes out swinging
|
Bottom of the 9th over - 0 runs, 0 hits, 0 errors, 0 left on base; Chester 6 - Southern Maryland 2 |
|